 Dungeon Crawl Stone Soup version 0.29-a0-914-g906f1d757c (webtiles) character file.

Game seed: 6726020999002331053

131 ketsa the Vexing (level 5, -2/40 HPs)
             Began as a Gnoll Arcane Marksman on July 26, 2022.
             Slain by a killer bee (5 damage)
             ... on level 3 of the Dungeon.
             The game lasted 00:10:34 (3816 turns).

ketsa the Vexing (Gnoll Arcane Marksman)            Turns: 3816, Time: 00:10:35

Health: -2/40      AC:  7    Str:  9    XL:     5   Next: 14%
Magic:  9/9        EV: 17    Int: 12    God:
Gold:   91         SH:  0    Dex: 15    Spells: 9/10 levels left

rFire   + . .      SeeInvis .   k - +3 sling
rCold   . . .      Faith    .   (no shield)
rNeg    . . .      Spirit   .   f - +0 leather armour
rPois   .          Reflect  .   (no helmet)
rElec   .          Harm     .   B - +2 cloak
rCorr   .          Rampage  .   (no gloves)
Will    .....                   l - +0 pair of boots
Stlth   ++........              (no amulet)
HPRegen 0.13/turn               n - ring of protection from fire
MPRegen 0.11/turn               x - +4 ring of evasion

@: no status effects
A: fangs 1, strong nose, distributed training
a: no special abilities


You were on level 3 of the Dungeon.
You visited 1 branch of the dungeon, and saw 4 of its levels.

You collected 91 gold pieces.

Inventory:

Hand Weapons
 a - a +0 sling
 e - a +0 dagger
 h - a +0 short sword
 k - a +3 sling (weapon)
Missiles
 i - 19 stones
 y - 4 silver javelins
Armour
 c - a +0 robe
 f - a +0 leather armour (worn)
 g - a +0 leather armour
 l - a +0 pair of boots (worn)
 o - a +0 robe of cold resistance
 B - a +2 cloak (worn)
 C - a +0 kite shield
Jewellery
 n - a ring of protection from fire (left hand)
 q - a ring of ice
 r - a ring of magical power
 x - a +4 ring of evasion (right hand)
 A - a ring of positive energy
Wands
 v - a wand of polymorph (6)
 D - a wand of roots (7)
Scrolls
 b - 2 scrolls of vulnerability
 d - 2 scrolls of fear {unknown}
 j - 6 scrolls of identify
 m - 2 scrolls of teleportation {unknown}
 p - 2 scrolls of amnesia {unknown}
 u - a scroll of acquirement {unknown}
 z - a scroll of magic mapping {unknown}
 E - a scroll of noise {unknown}
Potions
 s - a potion of flight
 t - a potion of lignification
 w - a potion of heal wounds


   Skills:
 + Level 2.9 Fighting
 + Level 1.4 Short Blades
 + Level 1.4 Long Blades
 + Level 1.4 Axes
 + Level 1.4 Maces & Flails
 + Level 1.4 Polearms
 + Level 1.4 Staves
 + Level 4.7 Ranged Weapons
 + Level 1.4 Throwing
 + Level 1.4 Armour
 + Level 4.7 Dodging
 + Level 1.4 Stealth
 + Level 1.4 Shields
 + Level 1.4 Unarmed Combat
 + Level 3.1 Spellcasting
 + Level 1.1 Conjurations
 + Level 5.5 Hexes
 + Level 1.1 Summonings
 + Level 1.1 Necromancy
 + Level 1.1 Translocations
 + Level 1.1 Transmutations
 + Level 1.1 Fire Magic
 + Level 1.1 Ice Magic
 + Level 1.1 Air Magic
 + Level 1.1 Earth Magic
 + Level 1.1 Poison Magic
 + Level 1.6 Invocations
 + Level 1.4 Evocations


You had 9 spell levels left.
You knew the following spells:

 Your Spells              Type           Power      Damage    Failure   Level
a - Slow                  Hex            60%        N/A       3%          1

Your spell library contained the following spells:

 Spells                   Type           Power      Damage    Failure   Level
 Beastly Appendage        Tmut           8%         N/A       21%         1
 Inner Flame              Hex/Fire       9%         N/A       26%         3
 Portal Projectile        Hex/Tloc       18%        N/A       26%         3
 Wereblood                Tmut           4%         N/A       30%         2
 Cause Fear               Hex            7%         N/A       32%         4
 Spider Form              Tmut/Pois      4%         N/A       52%         3


Dungeon Overview and Level Annotations

Branches:
Dungeon (4/15)
 Temple: D:4-7

Altars:
Xom

Shops:
D:1 (


Innate Abilities, Weirdness & Mutations

You have very sharp teeth.
Your uncanny sense of smell can sniff out nearby items.
Your experience applies equally to all skills.


Message History

The killer bee attacks as you move away!
The killer bee misses you.
You feel sick.
Fire: k) +3 sling
Press: ? - help, Q - select action, (/) - cycle Shift-Dir - straight line, f - killer bee
Aim: a killer bee (36% to hit)
You shoot a sling bullet.
The sling bullet closely misses the killer bee.
You feel sick. The killer bee closely misses you. x2
The killer bee stings you but does no damage.
Aiming: Polymorph
Press: ? - help, Shift-Dir - straight line, f/p - killer bee
Aim: a killer bee (will become a bat, a steam dragon, or a swamp drake, chance to affect: 62%)
The killer bee resists with significant effort.
You feel sick. The killer bee closely misses you. The killer bee misses you.
Aiming: Polymorph
Press: ? - help, Shift-Dir - straight line, f/p - killer bee
Aim: a killer bee (will become a bat, a steam dragon, or a swamp drake, chance to affect: 62%)
The killer bee resists with significant effort.
You feel sick. The killer bee closely misses you. The killer bee stings you.
* * * LOW HITPOINT WARNING * * *
Aiming: Fastroot
Press: ? - help, Shift-Dir - straight line, f/p - killer bee
Aim: a killer bee The roots erupt in riotous growth!
Roots grab the killer bee. x2
The grasping roots constrict the killer bee! x2
You feel sick. The killer bee stings you.
* * * LOW HITPOINT WARNING * * *
The killer bee closely misses you.
The grasping roots constrict the killer bee. x2
You feel sick.
The killer bee struggles to escape constriction. x2
The grasping roots constrict the killer bee.
The grasping roots constrict the killer bee!
You kill the killer bee!
You feel sick.
You are no longer poisoned.
The roots release their grip on the killer bee.
The killer bee stings you.
You die...

.# #.#
#..##########.#....###
.# #.######..#
#......# .#
#.........# #####.##
.###########.#
###.#### ......# #.#
#......# .####.# #.#
#.#.##.# .####.# #.#
#.#.##.# ......#
#.###### #.#.##.#
.###### #....@.#
#.#.##.# .# ######y#
#.#.##.# .##########
##.## ##.#.##.##
..........######>..##
#.........
####.####.##........#
#..#.##... ##.##
#.##.###....#
#..#.#####
###...###.##.# ##.#.#
#..#.#####
.......)...#.# #.#.#
#..#.....#
.##...###..#.#
#.#.####..#####..


You could see a killer bee.

Vanquished Creatures
  A killer bee (D:3)
  2 orc wizards
  2 adders
  7 orcs
  5 bats
  5 endoplasms
  4 giant cockroaches
  7 goblins
  2 hobgoblins
  2 quokkas
  5 ball pythons
  7 frilled lizards
  5 kobolds
  4 rats
58 creatures vanquished.

Notes
Turn   | Place    | Note
-------+----------+-------------------------------------------
     0 | D:1      | ketsa the Gnoll Arcane Marksman began the quest for the
                  | Orb.
     0 | D:1      | Reached XP level 1. HP: 17/17 MP: 4/4
   378 | D:1      | Reached XP level 2. HP: 16/23 MP: 5/5
   509 | D:1      | Found Widael's Weapon Emporium.
  1162 | D:2      | Reached XP level 3. HP: 28/28 MP: 7/7
  1996 | D:2      | Found a faded altar of an unknown god.
  2011 | D:2      | Reached skill level 1 in Invocations
  2438 | D:3      | Reached skill level 1 in Short Blades
  2438 | D:3      | Reached skill level 1 in Long Blades
  2438 | D:3      | Reached skill level 1 in Axes
  2438 | D:3      | Reached skill level 1 in Maces & Flails
  2438 | D:3      | Reached skill level 1 in Polearms
  2438 | D:3      | Reached skill level 1 in Staves
  2438 | D:3      | Reached skill level 1 in Throwing
  2438 | D:3      | Reached skill level 1 in Armour
  2438 | D:3      | Reached skill level 1 in Stealth
  2438 | D:3      | Reached skill level 1 in Shields
  2438 | D:3      | Reached skill level 1 in Unarmed Combat
  2438 | D:3      | Reached skill level 1 in Evocations
  2906 | D:2      | Reached skill level 1 in Conjurations
  2906 | D:2      | Reached skill level 1 in Summonings
  2906 | D:2      | Reached skill level 1 in Necromancy
  2906 | D:2      | Reached skill level 1 in Translocations
  2906 | D:2      | Reached skill level 1 in Transmutations
  2906 | D:2      | Reached skill level 1 in Fire Magic
  2906 | D:2      | Reached skill level 1 in Ice Magic
  2906 | D:2      | Reached skill level 1 in Air Magic
  2906 | D:2      | Reached skill level 1 in Earth Magic
  2906 | D:2      | Reached skill level 1 in Poison Magic
  2906 | D:2      | Reached XP level 4. HP: 19/34 MP: 8/8
  3179 | D:3      | Reached XP level 5. HP: 39/40 MP: 9/9
  3202 | D:3      | Found a shimmering altar of Xom.
  3816 | D:3      | Slain by a killer bee

Illustrated notes

Levels and vault maps discovered:
D:1:      lightli_arrival_windingriver, layout_loops_corners, serial_shops,
          nicolae_shop_temple_entry_statues_fountains
D:2:      layout_basic, shapermc_ecumenical_altar_notcrosses
D:3:      layout_loops_ring, mainiacjoe_overflow_surrounded_room
D:4:      layout_layer_cave, temple_statues, minmay_statues_item, uniq_menkaure

Skill      XL: |  1  2  3 |
---------------+----------+-----
Invocations    | 1 |  1.6
Short Blades   | 1 |  1.4
Long Blades    | 1 |  1.4
Axes           | 1 |  1.4
Maces & Flails | 1 |  1.4
Polearms       | 1 |  1.4
Staves         | 1 |  1.4
Throwing       | 1 |  1.4
Armour         | 1 |  1.4
Stealth        | 1 |  1.4
Shields        | 1 |  1.4
Unarmed Combat | 1 |  1.4
Evocations     | 1 |  1.4
Spellcasting   | 3 |  3.1
Conjurations   | 1 |  1.1
Summonings     | 1 |  1.1
Necromancy     | 1 |  1.1
Translocations | 1 |  1.1
Transmutations | 1 |  1.1
Fire Magic     | 1 |  1.1
Ice Magic      | 1 |  1.1
Air Magic      | 1 |  1.1
Earth Magic    | 1 |  1.1
Poison Magic   | 1 |  1.1
Fighting       | |  2.9
Ranged Weapons | |  4.7
Dodging        | |  4.7
Hexes          | |  5.5

Action                   |  1- 3 |  4- 6 || total
-------------------------+-------+-------++-------
Melee: Sling             |     1 |       ||     1
 Fire: Sling             |   122 |    45 ||   167
 Cast: Slow              |     2 |       ||     2
Evoke: Wand              |       |     3 ||     3
  Use: Potion            |     3 |     1 ||     4
       Scroll            |       |     1 ||     1
Armor: Robe              |    24 |       ||    24
       Leather armour    |     4 |     9 ||    13
Dodge: Dodged            |    52 |    34 ||    86

Table legend: (Time is in decaauts)
 A = Elapsed time spent in this place.
 B = Non-inter-level travel time spent in this place.
 C = Inter-level travel time spent in this place.
 D = Time resting spent in this place.
 E = Time spent auto-exploring this place.
 F = Levels seen in this place.
 G = Mean time per level.
                   A        B        C        D        E       F      G
               +--------+--------+--------+--------+--------+-----+--------+
         Total |   3851 |   3544 |    307 |    796 |   2076 |   4 |  962.8 |
       Dungeon |   3851 |   3544 |    307 |    796 |   2076 |   4 |  962.8 |
               +--------+--------+--------+--------+--------+-----+--------+

Top non-repeatable levels by time:
     D:2: 1740 daAuts
     D:1: 1129 daAuts
     D:3: 935 daAuts
     D:4: 46 daAuts
